 Dungeon Crawl Stone Soup version 0.25-a0-972-g74ed164fb1 (webtiles) character file.

Game seed: 567872141469289471, levelgen mode: deterministic

2198 Kalafior the Geomancer (level 9, -1/49 HPs)
             Began as a Gargoyle Earth Elementalist on May 9, 2020.
             Slain by an orc warrior
             ... wielding a +0 trident
              (14 damage)
             ... on level 6 of the Dungeon.
             The game lasted 00:12:10 (6265 turns).

Kalafior the Geomancer (GrEE)                       Turns: 6265, Time: 00:12:13

Health: -1/49      AC: 13    Str: 13    XL:     9   Next: 34%
Magic:  19/19      EV: 12    Int: 18    God:
Gold:   402        SH:  0    Dex: 10    Spells: 13/22 levels left

rFire    . . .     SeeInvis .   f - +7 spear (venom)
rCold    . . .     Gourm    .   (no shield)
rNeg     + + .     Faith    .   l - +1 robe {rN+}
rPois    ∞         Spirit   .   g - +1 helmet
rElec    +         Reflect  .   (no cloak)
rCorr    .         Harm     .   s - +1 pair of gloves
MR       .....                  (no boots)
Stlth    ++........             (no amulet)
HPRegen  0.16/turn              (no ring)
MPRegen  0.16/turn              (no ring)

@: no status effects
A: negative energy resistance 1, electricity resistance, unbreathing,
petrification resistance, rot immunity, AC +6
a: no special abilities


You were on level 6 of the Dungeon.
You were not hungry.

You visited 1 branch of the dungeon, and saw 6 of its levels.

You collected 402 gold pieces.

Inventory:

Hand Weapons
 f - a +7 spear of venom (weapon)
 i - a cursed +0 morningstar
 m - a cursed -2 flail
Missiles
 a - 7 atropa-tipped darts
 b - 164 stones (quivered)
 j - 30 poisoned darts
Armour
 g - a +1 helmet (worn)
 l - a +1 robe of positive energy (worn)
 s - a +1 pair of gloves (worn)
 u - a +2 leather armour of cold resistance
Magical Staves
 p - an uncursed staff of wizardry {unknown}
Wands
 h - a wand of digging (5)
 t - a wand of random effects (7)
Scrolls
 o - a scroll of teleportation
 q - 2 scrolls of immolation
Potions
 e - 2 potions of stabbing
 k - a potion of cancellation {unknown}
 n - a potion of magic {unknown}
 r - a potion of berserk rage {unknown}
Comestibles
 d - 12 rations


   Skills:
 + Level 2.3 Fighting
 + Level 2.0 Maces & Flails
 + Level 2.4 Armour
 + Level 2.5 Dodging
 - Level 2.1 Stealth
 + Level 7.2 Spellcasting
 * Level 0.4 Conjurations
   Level 0.7 Transmutations
 + Level 9.7 Earth Magic
 + Level 2.0 Evocations


You had 13 spell levels left.
You knew the following spells:

 Your Spells              Type           Power        Failure   Level  Hunger
a - Sandblast             Erth           #####.       1%          1    None
b - Stone Arrow           Conj/Erth      ###...       4%          3    #......
c - Lee's Rapid Deconstr  Erth           #####.....   5%          5    #####..

Your spell library contained the following spells:

 Spells                   Type           Power        Failure   Level  Hunger
 Passwall                 Tmut/Erth      ####....     1%          2    None
 Magic Dart               Conj           #...         9%          1    None
 Petrify                  Tmut/Erth      ####....     12%         4    ###....
 Searing Ray              Conj           #.....       14%         2    None
 Dazzling Flash           Conj/Hex       #.....       28%         3    #......
 Fulminant Prism          Conj/Hex       #.........   67%         4    ###....
 Iskenderun's Mystic Bla  Conj/Tloc      #.......     67%         4    ###....


Dungeon Overview and Level Annotations

Branches:
Dungeon (6/15)
 Temple: D:4-7

Altars:
Fedhas
Hepliaklqana
Makhleb
Nemelex Xobeh
Zin


Innate Abilities, Weirdness & Mutations

You are resistant to torment.
Your stone body is resilient. (AC +6)
You are immune to poison.
You resist negative energy. (rN+)
You are resistant to electric shocks. (rElec)
You can survive without breathing.
You are immune to petrification.
You are immune to rotting.


Message History

Evoke which item? (* to show all) (? for menu, Esc to quit)
Okay, then.
Unknown command.
Evoke which item? (* to show all) (? for menu, Esc to quit)
Aiming: Random Effects
Press: ? - help, Shift-Dir - straight line, f - orc warrior
Aim: an orc warrior, wielding a +0 trident and wearing a +0 chain mail The orc warrior resists with significant effort.
Something hits you. The orc hits you but does no damage.
The orc warrior hits you but does no damage.
Evoke which item? (* to show all) (? for menu, Esc to quit)
Aiming: Random Effects
Press: ? - help, Shift-Dir - straight line, p - orc warrior The fireball explodes!
The fireball engulfs the orc warrior!
The orc warrior is moderately wounded.
Something hits you.
* * * LOW HITPOINT WARNING * * *
The orc closely misses you.
The orc warrior hits you from afar with a +0 trident!
You die...

........# #....)......
........##############...........
....................##...........
....................##...........
....................##...........
.................)..##...........
..#####.............##...........
.. #.....###.....##...........
#.....# #.@{..##..)........
#.....# #).o..##...........
#.....# #.o...##...........
#...... .....$##...........
#......≈......##...........
#......≈......#############
.#≈#.....# ..#≈#.....#


You could see an orc warrior and an orc.

Vanquished Creatures
  Eustachio (D:6)
  A water moccasin (D:5)
  An orc warrior (D:6)
  3 ogres
  3 bullfrogs (D:6)
  3 scorpions
  10 wights (D:6)
  5 crimson imps
  A hound (D:6)
  A centaur skeleton (D:5)
  An orc priest (D:6)
  3 orc wizards
  A jelly (D:5)
  3 iguanas
  5 worker ants
  Robin (D:3)
  3 gnolls (D:5)
  A howler monkey skeleton (D:4)
  13 adders
  A shadow imp (D:6)
  2 worms
  A dart slug (D:1)
  3 leopard geckos
  18 orcs
  5 bats
  3 giant cockroaches
  13 goblins
  8 hobgoblins
  14 jackals
  3 quokkas
  5 frilled lizards
  A jackal skeleton (D:4)
  5 kobolds
  2 rats
144 creatures vanquished.

Notes
Turn   | Place    | Note
-------+----------+-------------------------------------------
     0 | D:1      | Kalafior the Gargoyle Earth Elementalist began the quest
                  | for the Orb.
     0 | D:1      | Reached XP level 1. HP: 10/10 MP: 3/3
   385 | D:1      | Reached XP level 2. HP: 15/15 MP: 5/5
   414 | D:1      | Reached skill level 4 in Earth Magic
  1274 | D:2      | Reached XP level 3. HP: 19/19 MP: 2/6
  1280 | D:2      | Learned a level 3 spell: Stone Arrow
  2103 | D:3      | Reached XP level 4. HP: 22/24 MP: 3/8
  2167 | D:3      | Noticed an ogre
  2173 | D:3      | Killed an ogre
  2173 | D:3      | Reached skill level 5 in Earth Magic
  2173 | D:3      | Reached XP level 5. HP: 28/28 MP: 2/10
  2441 | D:3      | Noticed Robin
  2455 | D:3      | Killed Robin
  2662 | D:3      | Reached skill level 6 in Earth Magic
  3022 | D:3      | Reached XP level 6. HP: 32/32 MP: 12/12
  3516 | D:4      | Found a glowing silver altar of Zin.
  3658 | D:4      | Found a blossoming altar of Fedhas.
  3723 | D:4      | Found a sparkling altar of Nemelex Xobeh.
  3768 | D:4      | Reached skill level 7 in Earth Magic
  3768 | D:4      | Reached XP level 7. HP: 36/36 MP: 14/14
  3828 | D:4      | Reached skill level 5 in Spellcasting
  4119 | D:5      | Entered Level 5 of the Dungeon
  4321 | D:5      | Found a hazy altar of Hepliaklqana.
  4346 | D:5      | Reached skill level 8 in Earth Magic
  4556 | D:5      | Found a burning altar of Makhleb.
  4618 | D:5      | Reached XP level 8. HP: 15/41 MP: 11/17
  5121 | D:6      | HP: 1/41 [adder (3)]
  5143 | D:6      | HP: 1/41 [orc warrior/+0 short sword (10)]
  5145 | D:6      | Reached skill level 9 in Earth Magic
  5609 | D:6      | Noticed Eustachio
  5630 | D:6      | Reached skill level 1 in Fighting
  5630 | D:6      | Reached skill level 1 in Armour
  5654 | D:6      | Killed Eustachio
  5654 | D:6      | Reached skill level 1 in Maces & Flails
  5654 | D:6      | Reached skill level 1 in Evocations
  5654 | D:6      | Reached XP level 9. HP: 29/47 MP: 10/19
  5961 | D:6      | Learned a level 5 spell: Lee's Rapid Deconstruction
  6265 | D:6      | Slain by an orc warrior

Illustrated notes

Levels and vault maps discovered:
D:1:      dpeg_arrival_tiny_f, layout_basic
D:2:      layout_rooms
D:3:      layout_loops_ring, uniq_robin
D:4:      layout_cave_pools, grunt_temple_overflow_open, first_ration,
          minmay_quadrilaterals
D:5:      layout_cave_pools, nicolae_overflow_hidden_temple, basic_altar
D:6:      layout_basic, chequers_serial_rivers_micro_a, uniq_eustachio

Skill      XL: |  1  2  3  4  5  6  7  8  9 |
---------------+----------------------------+-----
Earth Magic    | 4 5 6 7 8 9 |  9.7
Spellcasting   | 3 4 6 7 |  7.2
Fighting       | 1 2 |  2.3
Armour         | 1 2 |  2.4
Maces & Flails | 1 2 |  2.0
Dodging        | 2 |  2.5
Evocations     | 1 2 |  2.0
Stealth        | |  2.1
Conjurations   | |  0.4
Transmutations | |  0.7

Action                   |  1- 3 |  4- 6 |  7- 9 || total
-------------------------+-------+-------+-------++-------
Melee: Unarmed           |    17 |       |       ||    17
       Dagger            |   113 |    18 |       ||   131
       Spear             |       |    64 |   185 ||   249
 Cast: Sandblast         |    16 |    31 |    52 ||    99
       Stone Arrow       |       |     1 |       ||     1
Evoke: Wand              |       |       |     7 ||     7
  Use: Scroll            |     2 |     6 |     4 ||    12
       Potion            |       |     1 |     3 ||     4
 Stab: Sleeping          |     4 |     3 |     6 ||    13
  Eat: Chunk             |     4 |     5 |     8 ||    17
Armor: Robe              |    52 |    25 |    97 ||   174
       Skin              |       |     1 |       ||     1
Dodge: Dodged            |   103 |    47 |   161 ||   311

Table legend:
 A = Non-vault XP
 B = Vault XP
 C = Vault XP percentage of total XP
 D = Non-vault monster count
 E = Vault monster count
 F = Vault count percentage of total count
                 A         B        C        D         E       F
            +---------+---------+-------+---------+---------+-------
      Total |    2909 |     232 |   7.4 |     132 |      12 |   8.3
            +---------+---------+-------+---------+---------+-------
        D:1 |      23 |       0 |   0.0 |      12 |       0 |   0.0
        D:2 |      42 |       0 |   0.0 |      17 |       0 |   0.0
        D:3 |     234 |      27 |  10.3 |      24 |       8 |  25.0
        D:4 |     460 |      17 |   3.6 |      27 |       3 |  10.0
        D:5 |     575 |       0 |   0.0 |      21 |       0 |   0.0
        D:6 |    1575 |     188 |  10.7 |      31 |       1 |   3.1
            +---------+---------+-------+---------+---------+-------
